 Dungeon Crawl Stone Soup version 0.25.1-8-g42b30a86e7 (webtiles) character file.

Game seed: 6968699451591314081

121 melloss the Sneak (level 4, -1/21 HPs)
             Began as a Spriggan Enchanter on Dec 10, 2020.
             Slain by an orc (3 damage)
             ... on level 3 of the Dungeon.
             The game lasted 00:17:48 (4118 turns).

melloss the Sneak (Spriggan Enchanter)              Turns: 4118, Time: 00:17:48

Health: -1/21      AC:  3    Str:  4    XL:     4   Next: 76%
Magic:  2/9        EV: 18    Int: 16    God:
Gold:   139        SH:  0    Dex: 17    Spells: 5/8 levels left

rFire    . . .     SeeInvis +   a - +1 dagger
rCold    . . .     Gourm    .   (shield restricted)
rNeg     . . .     Faith    .   b - +1 robe
rPois    .         Spirit   .   (helmet restricted)
rElec    .         Reflect  .   (no cloak)
rCorr    .         Harm     .   (gloves unavailable)
MR       .....                  (boots unavailable)
Stlth    ++++......             (no amulet)
HPRegen  0.07/turn              (no ring)
MPRegen  0.11/turn              (no ring)

@: very slightly contaminated, very quick
A: very small, unfitting armour, see invisible, herbivore, speed 3, slow
metabolism 2
a: no special abilities


You were on level 3 of the Dungeon.
You were hungry.

You visited 1 branch of the dungeon, and saw 3 of its levels.

You collected 139 gold pieces.

Inventory:

Hand Weapons
 a - a +1 dagger (weapon)
 m - a +0 dagger
 s - a +0 dagger
Missiles
 c - 172 stones (quivered)
Armour
 b - a +1 robe (worn)
 h - a +0 buckler
Magical Staves
 p - an uncursed staff of cold
Wands
 n - a wand of enslavement (4)
 r - a wand of paralysis (5)
Scrolls
 e - a scroll of remove curse
 f - 3 scrolls of teleportation {unknown}
 g - a scroll of magic mapping {unknown}
 i - 3 scrolls of identify
 o - a scroll of enchant armour
Potions
 j - a potion of might {unknown}
 k - 2 potions of lignification {unknown}
 l - 2 potions of curing {unknown}
 q - a potion of heal wounds {unknown}
Comestibles
 d - 2 rations


   Skills:
 + Level 3.6 Short Blades
 - Level 3.0 Dodging
 + Level 6.8 Stealth
 - Level 2.6 Spellcasting
 - Level 3.6 Hexes


You had 5 spell levels left.
You knew the following spells:

 Your Spells              Type           Power        Failure   Level  Hunger
a - Corona                Hex            ##.....      4%          1    #......
b - Ensorcelled Hibernat  Hex/Ice        #.....       14%         2    ##.....

Your spell library contained the following spells:

 Spells                   Type           Power        Failure   Level  Hunger
 Confusing Touch          Hex            ##......     13%         3    ###....
 Tukima's Dance           Hex            ##......     13%         3    ###....
 Dazzling Flash           Conj/Hex       #.....       28%         3    ###....


Dungeon Overview and Level Annotations

Branches:
Dungeon (3/15)

Altars:
Fedhas


Innate Abilities, Weirdness & Mutations

You are very small and have problems with some larger weapons.
You are too small for most types of armour.
You have supernaturally acute eyesight. (SInv)
You are a herbivore.
You cover ground extremely quickly.
You need to consume almost no food.


Message History

You kill the gnoll!
The orc misses you.
Things that are here:
a +0 spear; 11 stones; a gnoll corpse The orc wizard shouts!
You hit the orc but do no damage. The orc hits you.
You hit the orc but do no damage.
The orc wizard gestures wildly while chanting.
The orc wizard blinks!
The orc completely misses you.
You hit the orc but do no damage. You closely miss the orc. The orc misses you.
You hit the gnoll.
The gnoll is lightly wounded.
The orc hits you.
You hit the orc.
The orc is lightly wounded.
The gnoll hits you!
* * * LOW HITPOINT WARNING * * *
The orc hits you.
You die...

### #.....[............# ..#
#.(....#'#......#### #.# ....
.......#.#<.....# #.#
#......##.....#.#.####.# #.#
#......#....gb#.#.. ..#
#.#####......#..g.g.#.#.## ###
.............#.#g...#.#...#
...#######.#.#.######.#.#.#
s...<..........g@oo...#.#.#
#..#..##.#.#.#.####.#.#.#.#######
.................................
#.........##.#.####.#...#.#.###.#
##...........#......##..#.....#..
##################.###......# #..
.).##..# .)#..+...##......###.>
##..##...##.##.##†..#...........)
#....##..#..#.†#...##.#..........


You could see a gnoll and 2 orcs.

Vanquished Creatures
  2 gnolls (D:3)
  3 adders (D:2)
  2 oozes
  2 worms
  A leopard gecko (D:2)
  An orc (D:3)
  4 giant cockroaches
  5 goblins
  8 hobgoblins
  A jackal (D:3)
  8 kobolds
  10 bats
  3 frilled lizards
  10 rats
60 creatures vanquished.

Notes
Turn   | Place    | Note
-------+----------+-------------------------------------------
     0 | D:1      | melloss the Spriggan Enchanter began the quest for the Orb.
     0 | D:1      | Reached XP level 1. HP: 9/9 MP: 5/5
   242 | D:1      | Reached skill level 5 in Stealth
   242 | D:1      | Reached XP level 2. HP: 13/13 MP: 6/6
  1311 | D:2      | Reached XP level 3. HP: 8/16 MP: 6/8
  1967 | D:2      | Learned a level 2 spell: Ensorcelled Hibernation
  2131 | D:2      | Found a blossoming altar of Fedhas.
  2414 | D:2      | Reached skill level 6 in Stealth
  2920 | D:2      | Reached XP level 4. HP: 21/21 MP: 2/9
  4118 | D:3      | Slain by an orc

Illustrated notes

Levels and vault maps discovered:
D:1:      scummos_arrival_checkerplants, layout_loops_ring, minmay_domino_2
D:2:      layout_basic, nicolae_overflow_crystal_walls
D:3:      minmay_razor_zed, layout_basic, grunt_temple_overflow_opulence

Skill      XL: |  1  2  3 |
---------------+----------+-----
Stealth        | 5 6 |  6.8
Short Blades   | 2 3 |  3.6
Dodging        | |  3.0
Spellcasting   | |  2.6
Hexes          | |  3.6

Action                   |  1- 3 |  4- 6 || total
-------------------------+-------+-------++-------
Melee: Dagger            |   189 |   154 ||   343
Throw: Stone             |    30 |       ||    30
 Cast: Corona            |     5 |       ||     5
       Ensorcelled Hiber |     5 |    10 ||    15
  Use: Scroll            |     1 |     1 ||     2
 Stab: Sleeping          |     9 |     8 ||    17
       Distracted        |     1 |       ||     1
  Eat: Ration            |       |     1 ||     1
Armor: Robe              |    15 |    14 ||    29
Dodge: Dodged            |   123 |   125 ||   248
Block: Buckler           |    22 |    11 ||    33
